 Dungeon Crawl Stone Soup version 0.27-a0-380-g150de4c316 (webtiles) character file.

Game seed: 13512285264642365218

235 dickylongcocking the Chopper (level 5, -9/41 HPs)
             Began as a Demonspawn Monk on Feb 18, 2021.
             Killed by an exploding a goblin (11 damage)
             ... exploding inner flame
             ... on level 4 of the Dungeon.
             The game lasted 00:02:30 (4938 turns).

dickylongcocking the Chopper (Demonspawn Monk)      Turns: 4938, Time: 00:02:31

Health: -9/41      AC: 10    Str: 13    XL:     5   Next: 76%
Magic:  5/5        EV:  8    Int: 11    God:
Gold:   227        SH: 12    Dex: 15    Spells: 4/4 levels left

rFire    + . .     SeeInvis .   a - +0 hand axe
rCold    + . .     Faith    .   e - +0 tower shield
rNeg     . . .     Spirit   .   b - +0 robe
rPois    +         Reflect  .   (helmet restricted)
rElec    +         Harm     .   (no cloak)
rCorr    +         Rampage  .   (no gloves)
Will     .....                  (no boots)
Stlth    ++........             (no amulet)
HPRegen  0.13/turn              k - +4 ring of protection
MPRegen  0.18/turn              n - +4 ring of protection

@: resistant
A: horns 2, magic regeneration
a: no special abilities


You were on level 4 of the Dungeon.
You visited 1 branch of the dungeon, and saw 4 of its levels.

You collected 227 gold pieces.

Inventory:

Hand Weapons
 a - a +0 hand axe (weapon)
Armour
 b - a +0 robe (worn)
 e - a +0 tower shield (worn)
Jewellery
 k - a +4 ring of protection (left hand)
 n - a +4 ring of protection (right hand)
Scrolls
 c - 3 scrolls of fog {unknown}
 d - a scroll of enchant armour {unknown}
 f - 3 scrolls of identify
 g - 2 scrolls of amnesia
 m - a scroll of teleportation {unknown}
Potions
 i - a potion of magic
 l - a potion of mutation {unknown}


   Skills:
 - Level 3.0 Fighting
 * Level 4.6 Axes
 - Level 2.6 Dodging
 - Level 1.7 Stealth
 * Level 3.4 Shields


You had 4 spell levels left.
You didn't know any spells.
Your spell library contained the following spells:

 Spells                   Type           Power        Failure   Level
 Corona                   Hex            0%           99%         1
 Ensorcelled Hibernation  Hex/Ice        0%           100%        2
 Confusing Touch          Hex            0%           100%        3
 Dazzling Flash           Conj/Hex       0%           100%        3
 Tukima's Dance           Hex            0%           100%        3


Dungeon Overview and Level Annotations

Branches:
Dungeon (4/15)
 Temple: D:4-7

Altars:
Elyvilon
Ru

Annotations:
D:4 Menkaure, Robin


Innate Abilities, Weirdness & Mutations

You have a pair of horns on your head.
You regenerate magic rapidly.


Message History

Robin throws the goblin at you! You block the goblin's attack.
A goblin comes into view.
You block Menkaure's attack. Robin throws the goblin at you!
The goblin hits you but does no damage. The goblin barely misses you.
There are monsters nearby!
There are monsters nearby!
Unknown command.
It was a potion of resistance.
You feel protected.
A goblin comes into view. It is wielding a +0 dagger.
The goblin hits you but does no damage. You block the goblin's attack.
Menkaure hits you!! The goblin hits you but does no damage.
A goblin comes into view. It is wielding a +0 dagger.
The goblin hits you but does no damage.
Unknown command.
As you read the scroll labelled SEMUIZ EFF, it crumbles to dust.
It is a scroll of identify.
g - 2 scrolls of amnesia The goblin hits you but does no damage.
You block the goblin's attack.
As you read the scroll labelled ACIEKI TEGAZAH, it crumbles to dust.
The creatures around you are filled with an inner flame!
It was a scroll of immolation.
The goblin hits you with a +0 dagger.
* * * LOW HITPOINT WARNING * * *
The goblin closely misses you.
Menkaure calls on the powers of darkness!
The goblin convulses!
Flame seeps out of the goblin.
The goblin convulses!
Flame seeps out of the goblin.
Your body is wracked with pain!
* * * LOW HITPOINT WARNING * * *
The goblin is engulfed in blazing flames.
The goblin explodes!
You feel a bit more experienced.
The fiery explosion engulfs Menkaure!
Menkaure is burned terribly!
Flame seeps out of Menkaure.
Menkaure is severely damaged.
The fiery explosion engulfs the goblin!!
The fiery explosion engulfs you. You resist.
* * * LOW HITPOINT WARNING * * *
The goblin explodes!
The fiery explosion engulfs the goblin!!
The fiery explosion engulfs you! You resist.
You die...

#.............
#..##......... ##+
#......### g
#..##.....##
g.##...#......#
.ggg...#.....###########
gg...#.....##...#....#
#.g.#..........#....#
##...#@§........'....#
#..gM○§○...##...#....#
#...§#§....#######'###
#....#..............#
#....#..............#
#####################


You could see Menkaure (inner flame) and a goblin (strong).

Vanquished Creatures
  A phantom (D:3)
  A hound (D:3)
  Jessica (D:2)
  3 adders
  2 oozes (D:1)
  4 worms
  A dart slug (D:2)
  A ball python (D:2)
  6 bats
  2 giant cockroaches
  10 goblins
  10 hobgoblins
  4 jackals (D:2)
  4 kobolds
  A quokka (D:2)
  6 frilled lizards
  4 rats
61 creatures vanquished.

Notes
Turn   | Place    | Note
-------+----------+-------------------------------------------
     0 | D:1      | dickylongcocking the Demonspawn Monk began the quest for
                  | the Orb.
     0 | D:1      | Reached XP level 1. HP: 18/18 MP: 1/1
   406 | D:1      | Reached skill level 3 in Axes
   411 | D:1      | Gained mutation: You regenerate magic rapidly. [demonic
                  | ancestry]
   411 | D:1      | Reached XP level 2. HP: 5/24 MP: 2/2
   686 | D:1      | Reached skill level 1 in Shields
  1535 | D:1      | Reached XP level 3. HP: 29/29 MP: 3/3
  1812 | D:2      | Noticed Jessica
  1817 | D:2      | Killed Jessica
  1877 | D:2      | Gained mutation: You have a pair of small horns on your
                  | head. [demonic ancestry]
  1877 | D:2      | Reached XP level 4. HP: 24/35 MP: 4/4
  2896 | D:2      | HP: 1/35 [worm (7)]
  3509 | D:2      | Reached skill level 4 in Axes
  3851 | D:3      | Noticed a phantom
  3867 | D:3      | Killed a phantom
  3868 | D:3      | Gained mutation: You have a pair of horns on your head.
                  | [demonic ancestry]
  3868 | D:3      | Reached XP level 5. HP: 11/41 MP: 5/5
  4397 | D:3      | Found a sacrificial altar of Ru.
  4589 | D:3      | Found a white marble altar of Elyvilon.
  4931 | D:4      | Noticed Menkaure
  4931 | D:4      | Noticed Robin
  4938 | D:4      | HP: 2/41 [spore (4)]
  4938 | D:4      | Killed by an exploding a goblin... exploding inner flame

Illustrated notes

Levels and vault maps discovered:
D:1:      lemuel_arrival_broad_hall, layout_basic
D:2:      layout_basic, grunt_decor_arrowhead, uniq_jessica
D:3:      layout_basic, elyvilon_altar_3, st_stairs_9, nicolae_ru_path_of_blood
D:4:      layout_gridville, lemuel_round_altar, uniq_robin, uniq_menkaure,
          uniq_edmund

Skill      XL: |  1  2  3  4 |
---------------+-------------+-----
Axes           | 3 4 |  4.6
Shields        | 1 2 3 |  3.4
Fighting       | |  3.0
Dodging        | |  2.6
Stealth        | |  1.7

Action                   |  1- 3 |  4- 6 || total
-------------------------+-------+-------++-------
Melee: Hand axe          |    96 |   122 ||   218
       Headbutt          |       |    25 ||    25
  Use: Potion            |     3 |     4 ||     7
       Scroll            |       |     2 ||     2
 Stab: Sleeping          |     2 |     2 ||     4
Armor: Robe              |    26 |    24 ||    50
Dodge: Dodged            |    33 |    37 ||    70
Block: Tower shield      |    69 |    88 ||   157

Table legend: (Time is in decaauts)
 A = Elapsed time spent in this place.
 B = Non-inter-level travel time spent in this place.
 C = Inter-level travel time spent in this place.
 D = Time resting spent in this place.
 E = Time spent auto-exploring this place.
 F = Levels seen in this place.
 G = Mean time per level.
                   A        B        C        D        E       F      G
               +--------+--------+--------+--------+--------+-----+--------+
         Total |   5070 |   5001 |     69 |   2197 |   2183 |   4 | 1267.5 |
       Dungeon |   5070 |   5001 |     69 |   2197 |   2183 |   4 | 1267.5 |
               +--------+--------+--------+--------+--------+-----+--------+

Top non-repeatable levels by time:
     D:2: 2168 daAuts
     D:1: 1789 daAuts
     D:3: 1069 daAuts
     D:4: 42 daAuts
